 Dungeon Crawl Stone Soup version 0.31.0-9-g3a7656b989 (webtiles) character file.

Game seed: 3174858542980675059

202 Peloso the Covered (level 5, 0/47 HPs)
             Began as a Minotaur Fighter on Jan 31, 2024.
             Slain by a scorpion (5 damage)
             ... on level 4 of the Dungeon.
             The game lasted 00:04:24 (2009 turns).

Peloso the Covered (Minotaur Fighter)               Turns: 2009, Time: 00:04:25

Health: 0/47       AC:  7    Str: 20 (21) XL:     5   Next: 50%
Magic:  4/4        EV:  9    Int:  5      God:
Gold:   136        SH:  4    Dex:  8 (11) Spells: 4/4 levels left

rFire   . . .        a - +0 long sword
rCold   . . .        c - +0 buckler
rNeg    . . .        b - +0 scale mail
rPois   .            (helmet restricted)
rElec   .            (no cloak)
rCorr   .            (no gloves)
SInv    .            (no boots)
Will    .....        (no amulet) Stlth
                     k - +4 ring of slaying
HPRegen 0.27/turn    (no ring)
MPRegen 0.09/turn

%: no passive effects
@: no status effects
A: horns 2, retaliatory headbutt
a: no special abilities


You were on level 4 of the Dungeon.
You visited 1 branch of the dungeon, and saw 4 of its levels.

You collected 136 gold pieces.

Inventory:

Hand Weapons
 a - a +0 long sword (weapon)
Armour
 b - a +0 scale mail (worn)
 c - a +0 buckler (worn)
Jewellery
 k - a +4 ring of slaying (left hand)
Scrolls
 g - a scroll of amnesia {unknown}
Potions
 d - a potion of might
 e - 3 potions of haste {unknown}
 h - a potion of curing
 i - a potion of cancellation {unknown}
 j - 3 potions of enlightenment
 l - a potion of berserk rage {unknown}


   Skills:
 + Level 4.4 Fighting
 + Level 4.2 Long Blades
 + Level 5.2 Armour
 + Level 1.1 Dodging
 + Level 4.5 Shields


You had 4 spell levels left.
You didn't know any spells.
Your spell library was empty.

Dungeon Overview and Level Annotations

Branches:
Dungeon (4/15)
 Temple: D:4-7

Altars:
Nemelex Xobeh


Innate Abilities, Weirdness & Mutations

You have a pair of horns on your head.
You reflexively headbutt those who attack you in melee.


Message History

You feel very sick. The scorpion stings you.
* * * LOW HITPOINT WARNING * * *
You are more poisoned.
The scorpion poisons you! The jackal bites you.
* * * LOW HITPOINT WARNING * * *
You feel better. You block the jackal's attack. The scorpion stings you.
* * * LOW HITPOINT WARNING * * *
The jackal barely misses you.
Unknown command.
You hit the scorpion but do no damage.
The scorpion is lightly wounded.
The scorpion barely misses you. You furiously retaliate!
You headbutt the scorpion! The jackal misses you.
The scorpion barely misses you.
Unknown command.
You closely miss the scorpion.
The scorpion is heavily wounded.
The jackal closely misses you. You block the scorpion's attack.
The jackal bites you but does no damage.
You block the scorpion's attack.
You hit the scorpion.
The scorpion is heavily wounded.
The jackal barely misses you. You furiously retaliate!
You headbutt the jackal!
You kill the jackal!
The scorpion stings you.
* * * LOW HITPOINT WARNING * * *
The jackal bites you but does no damage.
You closely miss the scorpion. Your headbutt misses the scorpion.
The scorpion is heavily wounded.
The jackal barely misses you.
The scorpion stings you but does no damage.
The jackal bites you but does no damage.
The scorpion stings you.
* * * LOW HITPOINT WARNING * * *
You hit the scorpion.
The scorpion is severely wounded.
The jackal bites you but does no damage.
The scorpion stings you.
You die...

....................
............#.....
.........##......
............#.####...
...........>.........
........#####.##.###
.######## #gg# #h##
#@# #s# #.# ... ...
..... ..... #.<....


You could see a scorpion, 2 gnolls and a jackal.

Vanquished Creatures
  A hound (D:4)
  Natasha (twice) (D:3)
  4 gnolls (D:3)
  An adder (D:4)
  A ribbon worm (D:2)
  A dart slug (D:1)
  2 orcs
  3 ball pythons
  3 endoplasms
  5 giant cockroaches
  9 goblins
  5 hobgoblins
  7 jackals
  8 kobolds
  5 quokkas
  4 bats
  2 frilled lizards
  4 rats
67 creatures vanquished.

Notes
Turn   | Place    | Note
-------+----------+-------------------------------------------
     0 | D:1      | Peloso the Minotaur Fighter began the quest for the Orb.
     0 | D:1      | Reached XP level 1. HP: 19/19 MP: 0/0
    82 | D:1      | Reached XP level 2. HP: 25/27 MP: 1/1
    95 | D:1      | Reached skill level 4 in Armour
   246 | D:1      | Reached XP level 3. HP: 28/33 MP: 2/2
  1143 | D:3      | Reached XP level 4. HP: 14/40 MP: 3/3
  1604 | D:3      | Noticed Natasha
  1613 | D:3      | Killed Natasha
  1825 | D:3      | Found a sparkling altar of Nemelex Xobeh.
  1870 | D:3      | Noticed Natasha
  1877 | D:3      | Killed Natasha
  1878 | D:3      | Reached skill level 5 in Armour
  1878 | D:3      | Reached XP level 5. HP: 44/47 MP: 4/4
  1979 | D:4      | Reached skill level 1 in Dodging
  2009 | D:4      | Slain by a scorpion

Illustrated notes

Levels and vault maps discovered:
D:1:      lemuel_arrival_rhombus, layout_basic, hangedman_decor_lopped
D:2:      layout_basic
D:3:      layout_loops_cross, marbit_many_paths, uniq_natasha
D:4:      lemuel_castle_with_subvaults [lemuel_castle_interior_original],
          layout_rooms, eat_drink_and_be_merry_uskayaw, kennysheep_cross_room

Skill      XL: |  1  2  3  4  5 |
---------------+----------------+-----
Armour         | 4 5 |  5.2
Shields        | 4 |  4.5
Fighting       | 4 |  4.4
Long Blades    | 3 4 |  4.2
Dodging        | 1 |  1.1

Action                     |  1- 3 |  4- 6 || total
---------------------------+-------+-------++-------
  Melee: Long sword        |   121 |    62 ||   183
         Headbutt          |    22 |     7 ||    29
    Use: Potion            |     5 |     1 ||     6
         Scroll            |     1 |     1 ||     2
 Armour: Scale mail        |    88 |    74 ||   162
  Dodge: Dodged            |    61 |    45 ||   106
  Block: Buckler           |    45 |    12 ||    57
